 Dungeon Crawl Stone Soup version 0.18.1-8-gdd0e5ea (webtiles) character file.

284 zeroDi the Sneak (level 6, 0/30 HPs)
             Began as a Vine Stalker Assassin on May 24, 2016.
             Succumbed to a worker ant's poison
             ... on level 4 of the Dungeon.
             The game lasted 00:06:46 (2388 turns).

zeroDi the Sneak (Vine Stalker Assassin)            Turns: 2388, Time: 00:06:46

Health: 0/30       AC:  4    Str: 14    XL:     6   Next: 29%
Magic:  6/7        EV: 11    Int: 11    God:
Gold:   165        SH:  0    Dex: 17    Spells: 0 memorised, 5 levels left

rFire  . . .     SeeInvis .     a - +2 dagger
rCold  . . .     Gourm    .     c - +0 robe
rNeg   . . .     Faith    .     (no shield)
rPois  .         Spirit   +     (no helmet)
rElec  .         Dismiss  .     d - +0 cloak
rCorr  .         Reflect  .     w - +0 pair of gloves
SustAt .         Harm     .     (no boots)
MR     .....                    (no amulet)
Stlth  +++.......               (no ring)
                                (no ring)

@: lethally poisoned (0 -> -2), not resistant to hostile enchantments, fairly
stealthy
A: fangs 2, regeneration 2, magic shield, antimagic bite, no device heal 3, rot
immunity
a: no special abilities


You were on level 4 of the Dungeon.
You were not hungry.

You visited 1 branch of the dungeon, and saw 4 of its levels.
You also visited: Sewer.

You collected 165 gold pieces.


Innate Abilities, Weirdness & Mutations

You have extremely sharp teeth.
You heal very quickly.
When hurt, damage is shared between your health and your magic reserves.
Your bite disrupts and absorbs the magic of your enemies.
Potions and wands cannot restore your health.
You are immune to rotting.


   Skills:
 - Level 1.7 Fighting
 - Level 5.0 Short Blades
 - Level 1.7 Throwing
 - Level 0.7 Dodging
 * Level 6.4 Stealth


You had 5 spell levels left.
You didn't know any spells.

Inventory:

Hand Weapons
 a - a +2 dagger (weapon)
 b - a +0 blowgun
Missiles
 f - 2 curare-tipped needles {=f}
 q - 39 poisoned needles
Armour
 c - a +0 robe (worn)
 d - a +0 cloak (worn)
 w - a +0 pair of gloves (worn)
Jewellery
 h - an uncursed amulet of faith {unknown}
 y - a cursed ring of loudness {unknown}
Scrolls
 i - 3 scrolls of identify {unknown}
 l - a scroll of fog {unknown}
 n - a scroll of enchant weapon {unknown}
 p - 2 scrolls of remove curse {unknown}
 u - a scroll of teleportation {unknown}
Potions
 e - a potion of agility
 j - 2 potions of flight {unknown}
 k - 2 potions of cure mutation {unknown}
 m - a potion of brilliance {unknown}
 r - 2 potions of lignification {unknown}
 s - a potion of curing {unknown}
 x - 2 potions of heal wounds {unknown}
 z - a potion of cancellation {unknown}
Comestibles
 g - 3 bread rations
 o - 2 beef jerkies
 t - 2 meat rations
 v - 4 chunks of flesh

Dungeon Overview and Level Annotations

Branches:
Dungeon (4/15)
 Temple: D:4-7

Altars:

Annotations:
D:4 Natasha

##.........# ##..##
#....<....# ##..#
#..........## #...###
#....>.......# #...#.#
..............## #....##
#...#.....###..####
####...##
...##....####.....###.....##
##. #..)a.........## ##..
#..)#@.........# #...#
##..###.........#
#....####.)## #...###...#
#......#†.# #...# ##..#
#.....)## #...# ##..#
##.....## #...# ..# ##.....#
##..# #.# #...#..# ...#
#...####..# ...#


You could see a worker ant.


Message History

You feel sick. The adder closely misses you.
You hit the adder. You bite the adder. You drain its power.
You feel invigorated.
The adder is almost dead.
* * * LOW HITPOINT WARNING * * *
You feel sick. The adder barely misses you.
You hit the adder.
You kill the adder!
* * * LOW HITPOINT WARNING * * *
You feel sick.
You hit the worker ant but do no damage.
The worker ant bites you but does no damage.
You hit the worker ant. You bite the worker ant. You drain its power.
You feel invigorated.
The worker ant is lightly wounded.
* * * LOW HITPOINT WARNING * * *
You feel sick. The worker ant barely misses you.
You hit the worker ant but do no damage.
The worker ant is lightly wounded.
You die...

Action                   |  1- 3 |  4- 6 || total
-------------------------+-------+-------++-------
Melee: Dagger            |   128 |   152 ||   280
       Bite              |    32 |    34 ||    66
 Fire: Blowgun           |     8 |       ||     8
 Stab: Sleeping          |     2 |    10 ||    12
       Distracted        |       |     2 ||     2
  Eat: Chunk             |     1 |     4 ||     5
Armor: Robe              |    33 |    24 ||    57
Dodge: Dodged            |    71 |    72 ||   143

Vault maps used:
D:1:      tarquinn_simple_flora_water_b, feat_on_display
D:2:      uniq_terence
D:3:      portal_sewer_entry_f
D:4:      overflow_temple_1_default, yredelemnul_altar_generic,
          nicolae_overflow_hidden_temple, first_bread, uniq_natasha,
          uniq_sigmund
Sewer:    sewer_the_crocodile

Notes
Turn   | Place    | Note
--------------------------------------------------------------
     0 | D:1      | zeroDi the Vine Stalker Assassin began the quest for the Orb.
     0 | D:1      | Reached XP level 1. HP: 11/11 MP: 2/2
   169 | D:1      | Reached skill level 2 in Short Blades
   284 | D:1      | Reached XP level 2. HP: 13/15 MP: 3/3
   490 | D:1      | Reached skill level 3 in Short Blades
   507 | D:1      | Reached XP level 3. HP: 14/18 MP: 4/4
  1036 | D:2      | Noticed Terence
  1067 | D:2      | Killed Terence
  1067 | D:2      | Reached XP level 4. HP: 23/23 MP: 5/5
  1124 | D:2      | Reached skill level 4 in Short Blades
  1479 | D:3      | Found a glowing drain.
  1504 | Sewer    | Entered a sewer
  1567 | Sewer    | Noticed Purgy
  1737 | D:3      | Reached XP level 5. HP: 21/26 MP: 4/6
  2146 | D:4      | Noticed Natasha
  2157 | D:4      | Killed Natasha
  2157 | D:4      | Reached skill level 5 in Short Blades
  2287 | D:4      | Reached skill level 5 in Stealth
  2304 | D:4      | Gained mutation: You heal very quickly. [Vine Stalker growth]
  2304 | D:4      | Reached XP level 6. HP: 25/30 MP: 7/7
  2316 | D:4      | Noticed Natasha
  2323 | D:4      | Reached skill level 6 in Stealth
  2382 | D:4      | HP: 3/30 [poisoned by a worker ant]
  2385 | D:4      | HP: 1/30 [poisoned by a worker ant]
  2388 | D:4      | Succumbed to a worker ant's poison

Vanquished Creatures
  A hound (D:4)
  An orc priest (D:4)
  Terence (D:2)
  Natasha (D:4)
  A worker ant (D:4)
  A hound skeleton (D:4)
  4 adders
  An ooze (D:3)
  3 worms (D:2)
  3 dart slugs
  A giant gecko (D:3)
  5 orcs
  6 bats
  6 giant cockroaches
  4 goblins
  7 hobgoblins
  13 jackals
  10 kobolds
  A ball python (D:1)
  5 giant newts
  7 rats
82 creatures vanquished.
